 Dungeon Crawl Stone Soup version 0.31-a0-1388-g4b2ba238e7 (webtiles) character file.

Game seed: 16183100422432317206

6142 grandjackal the Fanfare of Bloodshed (level 10, -13/83 HPs)
             Began as a Demonspawn Gladiator on Dec 24, 2023.
             Was a Believer of Makhleb.
             Incinerated by a deep elf pyromancer (14 damage)
             ... with a pyre arrow
             ... on level 9 of the Dungeon.
             The game lasted 00:12:11 (9611 turns).

grandjackal the Fanfare of Bloodshed (DsGl)         Turns: 9611, Time: 00:12:12

Health: -13/83     AC: 17    Str: 16    XL:     10   Next: 59%
Magic:  17/17      EV: 13    Int:  8    God:    Makhleb [**....]
Gold:   501        SH:  6    Dex: 18    Spells: 9/9 levels left

rFire   . . .        E - +0 rapier (freeze)
rCold   . . .        q - +0 buckler
rNeg    . . .        l - +2 chain mail {Will+}
rPois   .            c - +0 helmet
rElec   .            o - +1 cloak {Will+}
rCorr   .            (no gloves)
SInv    .            p - +1 pair of boots
Will    ++...        (no amulet) Stlth
                     y - +5 ring of evasion
HPRegen 0.33/turn    (no ring)
MPRegen 0.30/turn

%: no passive effects
@: on fire, glowing
A: thin metallic scales 1, icemail 2, magic regeneration, condensation shield
a: Renounce Religion, Minor Destruction


You were on level 9 of the Dungeon.
You worshipped Makhleb.
Makhleb was pleased with you.
You visited 3 branches of the dungeon, and saw 12 of its levels.

You collected 501 gold pieces.

Inventory:

Hand Weapons
 a - a +0 long sword
 s - a +2 dagger of venom
 E - a +0 rapier of freezing (weapon)
Missiles
 d - 6 throwing nets (quivered)
 e - a javelin
Armour
 c - a +0 helmet (worn)
 l - a +2 chain mail of willpower (worn)
 o - a +1 cloak of willpower (worn)
 p - a +1 pair of boots (worn)
 q - a +0 buckler (worn)
Jewellery
 k - a +6 ring of intelligence
 y - a +5 ring of evasion (left hand)
 J - a ring of willpower
Wands
 n - a wand of polymorph (8)
 u - a wand of roots (26)
 A - a wand of charming (14)
Scrolls
 f - a scroll of poison {unknown}
 g - a scroll of fog
 h - 3 scrolls of blinking
 m - a scroll of vulnerability
 t - a scroll of teleportation
 w - 3 scrolls of fear
 x - a scroll of torment {unknown}
 B - 2 scrolls of immolation {unknown}
 C - 2 scrolls of revelation {unknown}
 F - a scroll of brand weapon {unknown}
 G - a scroll of amnesia {unknown}
Potions
 b - a potion of might
 i - a potion of haste
 j - a potion of curing
 r - 2 potions of invisibility
 v - a potion of brilliance {unknown}
 z - 2 potions of attraction
 D - a potion of mutation
 H - a potion of enlightenment
 I - a potion of ambrosia {unknown}


   Skills:
 + Level 9.2 Fighting
 + Level 8.7 Long Blades
 - Level 2.0 Throwing
 - Level 3.0 Dodging
 - Level 5.7 Shields
 + Level 9.6 Invocations


You had 9 spell levels left.
You didn't know any spells.
Your spell library contained the following spells:

 Spells                   Type           Power      Damage    Failure   Level
 Apportation              Tloc           0%         N/A       100%        1
 Freeze                   Ice            0%         1d3       100%        1
 Necrotise                Necr           0%         1d4       100%        1
 Shock                    Conj/Air       0%         1d3       100%        1
 Sting                    Conj/Alch      0%         1d3       100%        1
 Summon Small Mammal      Summ           0%         N/A       100%        1
 Cigotuvi's Dreadful Rot  Necr/Alch/Air  0%         N/A       100%        2
 Ensorcelled Hibernation  Hex/Ice        0%         N/A       100%        2
 Frozen Ramparts          Ice            0%         1d1       100%        3
 Fugue of the Fallen      Necr           0%         N/A       100%        3
 Hailstorm                Conj/Ice       0%         3d5       100%        3
 Swiftness                Air            0%         N/A       100%        3
 Airstrike                Air            0%         2d(0-16)  100%        4
 Anguish                  Hex/Necr       0%         N/A       100%        4
 Dispel Undead            Necr           0%         3d6       100%        4
 Death Channel            Necr           0%         N/A       100%        6


Dungeon Overview and Level Annotations

Branches:
Dungeon (10/15)            Temple (1/1) D:5            Lair (1/5) D:8
    Orc: D:9-12

Altars:
Ashenzari
Cheibriados
Fedhas
Gozag
Hepliaklqana
Kikubaaqudgha
Makhleb
Okawaru
Qazlal
Ru
Sif Muna
Vehumet
Wu Jian
Xom
Yredelemnul

Shops:
D:5 (


Innate Abilities, Weirdness & Mutations

You are partially covered in thin metallic scales. (AC +2)
A meltable icy envelope protects you from harm. (AC +0)
You regenerate magic rapidly.
A meltable shield of frost defends you. (SH +0)


Message History

The deep elf pyromancer casts a spell at you.
The pyre arrow hits you.
You are even more covered in intense liquid fire!
You hit the deep elf pyromancer. You freeze the deep elf pyromancer.
The deep elf pyromancer is heavily wounded.
The liquid fire burns you!
The deep elf pyromancer hits you but does no damage.
You hit the deep elf pyromancer but do no damage.
The deep elf pyromancer is heavily wounded.
The liquid fire burns you!
The deep elf pyromancer barely misses you.
You hit the deep elf pyromancer but do no damage.
The deep elf pyromancer is heavily wounded.
The liquid fire burns you!
The deep elf pyromancer closely misses you.
You hit the deep elf pyromancer. You freeze the deep elf pyromancer.
The deep elf pyromancer is heavily wounded.
The liquid fire burns you!
The deep elf pyromancer hits you but does no damage.
You shake off some of the fire as you move.
The liquid fire burns you!
* * * LOW HITPOINT WARNING * * *
The deep elf pyromancer hits you but does no damage.
You shake off some of the fire as you move.
The liquid fire burns you!
* * * LOW HITPOINT WARNING * * *
The deep elf pyromancer points at you and mumbles some strange words.
The pyre arrow misses you.
You shake off some of the fire as you move.
The liquid fire burns you!
* * * LOW HITPOINT WARNING * * *
The deep elf pyromancer points at you and mumbles some strange words.
The pyre arrow hits you.
You are even more covered in intense liquid fire!
You shake off some of the fire as you move.
The liquid fire burns you!
* * * LOW HITPOINT WARNING * * *
There is a stone staircase leading down here.
The liquid fire burns you!
You die...

######### #.......#
######## #.......#
.......### #.......#
...○...e°## #...@...#
......○#..# #.......#
.......##.###.......#
.....E.##...#..e....#
.......####.'.......#
##'##### ###.......+
#.# #.......# #.#
###'##### #.# #.## ..


You could see a deep elf pyromancer.

Vanquished Creatures
  A two-headed ogre (D:8)
  Pikel (D:7)
  Prince Ribbit (D:7)
  A wyvern (D:9)
  A fire bat (D:7)
  Grum (D:8)
  A steam dragon (D:6)
  Menkaure (D:5)
  4 water moccasins
  Duvessa (D:6)
  An orc warrior (D:7)
  3 black bears
  4 ice beasts
  A sky beast (D:7)
  2 ogres (D:5)
  A wolf (D:8)
  A centaur (D:6)
  2 phantoms
  A lemure (D:7)
  A kobold brigand (D:7)
  3 gnoll sergeants (D:8)
  3 bullfrogs
  A scorpion (D:5)
  Dowan (D:6)
  12 killer bees
  7 hounds
  3 jellies
  7 orc priests
  2 gnoll boudas
  2 sleepcaps
  7 orc wizards
  5 iguanas
  28 gnolls
  4 adders
  A shadow imp (D:6)
  2 white imps
  2 ufetubi (D:5)
  2 worms
  A dart slug (D:1)
  25 orcs
  2 ball pythons
  2 bats
  2 endoplasms
  2 giant cockroaches
  2 goblins
  4 hobgoblins
  13 jackals
  4 quokkas
  4 frilled lizards
  18 kobolds
  6 rats
207 creatures vanquished.

Vanquished Creatures (others)
  A butterfly (D:5)
1 creature vanquished.

Grand Total: 208 creatures vanquished

Notes
Turn   | Place    | Note
-------+----------+-------------------------------------------
     0 | D:1      | grandjackal the Demonspawn Gladiator began the quest for
                  | the Orb.
     0 | D:1      | Reached XP level 1. HP: 16/16 MP: 1/1
   409 | D:1      | Gained mutation: You regenerate magic rapidly. [demonic
                  | ancestry]
   409 | D:1      | Reached XP level 2. HP: 22/22 MP: 2/2
   846 | D:2      | Gained mutation: A meltable shield of frost defends you.
                  | (SH +0) [demonic ancestry]
   846 | D:2      | Reached XP level 3. HP: 28/28 MP: 3/3
  1136 | D:2      | Found an ornate altar of the Wu Jian Council.
  1406 | D:3      | You fall into a shaft and drop 2 floors!
  1406 | D:5      | Entered Level 5 of the Dungeon
  1421 | D:5      | Noticed an ogre
  1428 | D:5      | Killed an ogre
  1429 | D:5      | Reached XP level 4. HP: 20/37 MP: 4/4
  1429 | D:5      | Gained mutation: A meltable icy envelope protects you from
                  | harm. (AC +0) [demonic ancestry]
  1429 | D:5      | Reached XP level 5. HP: 23/42 MP: 5/5
  1616 | D:5      | Noticed Menkaure
  1694 | D:4      | Found a basalt altar of Yredelemnul.
  2889 | D:4      | Reached XP level 6. HP: 11/49 MP: 6/6
  3142 | D:4      | Reached skill level 1 in Shields
  3694 | D:5      | Killed Menkaure
  3769 | D:5      | Reached skill level 5 in Fighting
  3769 | D:5      | Reached skill level 5 in Long Blades
  3777 | D:5      | Reached XP level 7. HP: 22/56 MP: 7/7
  4027 | D:5      | Found a staircase to the Ecumenical Temple.
  4045 | Temple   | Entered the Ecumenical Temple
  4058 | Temple   | Became a worshipper of Makhleb the Destroyer
  4174 | D:5      | Reached skill level 1 in Invocations
  4263 | D:5      | Found Aciwola's Antique Weapon Shoppe.
  4848 | D:6      | Noticed Pikel
  5081 | D:7      | Killed Pikel
  5082 | D:7      | Reached XP level 8. HP: 14/64 MP: 8/11
  5636 | D:6      | Noticed Dowan
  5637 | D:6      | Noticed Duvessa
  5665 | D:6      | Killed Duvessa
  5666 | D:6      | Reached skill level 5 in Invocations
  5673 | D:6      | Killed Dowan
  5730 | D:6      | Gained mutation: A meltable icy envelope protects you from
                  | harm. (AC +0) [demonic ancestry]
  5730 | D:6      | Reached XP level 9. HP: 57/71 MP: 11/13
  6266 | D:7      | Found a shimmering altar of Xom.
  6282 | D:7      | Reached skill level 5 in Shields
  6322 | D:7      | Noticed Prince Ribbit
  6509 | D:7      | Reached * piety under Makhleb
  6901 | D:7      | Killed Prince Ribbit
  6958 | D:7      | Found a sacrificial altar of Ru.
  7349 | D:8      | Found a stormy altar of Qazlal.
  7384 | D:8      | Found a hazy altar of Hepliaklqana.
  7433 | D:8      | Noticed Grum
  7445 | D:8      | Killed Grum
  7485 | D:8      | Gained mutation: You are partially covered in thin metallic
                  | scales. (AC +2) [demonic ancestry]
  7485 | D:8      | Reached XP level 10. HP: 63/80 MP: 15/15
  7583 | D:8      | Noticed a two-headed ogre
  7801 | D:8      | Found a staircase to the Lair.
  7858 | D:8      | Killed a two-headed ogre
  7861 | Lair:1   | Entered Level 1 of the Lair of Beasts
  8095 | D:8      | Reached ** piety under Makhleb
  8265 | D:8      | Found an ornate altar of the Wu Jian Council.
  8327 | D:8      | Found an iron altar of Okawaru.
  8404 | D:8      | Found a snail-covered altar of Cheibriados.
  8407 | D:8      | Found an ancient bone altar of Kikubaaqudgha.
  8771 | D:9      | HP: 4/83 [killer bee (7)]
  9419 | D:9      | Noticed a deep elf pyromancer
  9567 | D:10     | Entered Level 10 of the Dungeon
  9609 | D:9      | HP: 4/83 [burnt (13)]
  9610 | D:9      | HP: 1/83 [burnt (4)]
  9611 | D:9      | Incinerated by a deep elf pyromancer

Illustrated notes

Levels and vault maps discovered:
D:1:      lightli_arrival_noodles, layout_loops_ring, hangedman_decor_points
D:2:      layout_loops_ring, basic_altar, chequers_big_river, minmay_liquid_box,
          minmay_misc_feat_plants, serial_park_tiny_pond
D:3:      layout_loops_corners, zin_scriptorium
D:4:      layout_basic, lemuel_doored_altar, nrook_mini_vaults
D:5:      layout_layer_cave, nicolae_elyvilon_peaceful_grove,
          minmay_temple_entry_junction_2, serial_shops, nicolae_square_shop,
          minmay_misc_feat_cross, uniq_menkaure
D:6:      layout_basic, uniq_duvessa, uniq_pikel
D:7:      hellmonk_destroyed_diamonds, layout_basic,
          mainiacjoe_overflow_alcove_4, regret_index_xom_of_box,
          chequers_mini_garden, uniq_prince_ribbit1
D:8:      layout_cave_pools, mainiacjoe_overflow_small_starburst,
          nicolae_overflow_hidden_temple, okawaru_altar_gauntlet_db,
          jmf_multi_god_temple2, lair_entry_dummy, serial_gnoll_camp,
          gnoll_camp_mini_basic, gnoll_camp_medium_02, grums_kennel,
          gnoll_camp_mini_doghouse
D:9:      layout_roguey
D:10:     layout_loops_ring, lemuel_round_altar,
          kennysheep_orc_monster_closet_entryway
Temple:   hellmonk_temple_two_chambers
Lair:1:   layout_chaotic_city, ebering_ghost_rock_garden,
          minmay_stone_trees_medium

Skill      XL: |  1  2  3  4  5  6  7  8  9 10 |
---------------+-------------------------------+-----
Throwing       | 2 |  2.0
Long Blades    | 3 4 5 6 7 8 |  8.7
Dodging        | 3 |  3.0
Fighting       | 3 4 5 6 8 9 |  9.2
Shields        | 2 3 4 5 |  5.7
Invocations    | 4 5 7 9 |  9.6

Action                     |  1- 3 |  4- 6 |  7- 9 | 10-12 || total
---------------------------+-------+-------+-------+-------++-------
  Melee: Long sword        |    79 |   215 |   216 |       ||   510
         Punch             |       |     4 |       |       ||     4
         Rapier            |       |       |   385 |   466 ||   851
  Throw: Throwing net      |       |       |     1 |       ||     1
  Evoke: Wand              |       |       |       |     4 ||     4
    Use: Scroll            |       |       |    11 |     2 ||    13
         Potion            |       |       |       |     4 ||     4
 Armour: Ring mail         |    22 |       |       |       ||    22
         Leather armour    |     4 |       |       |       ||     4
         Chain mail        |    16 |   217 |   361 |   302 ||   896
  Dodge: Dodged            |    48 |    95 |   338 |   301 ||   782
  Block: Other             |     4 |    50 |     5 |       ||    59
         Buckler           |       |       |   296 |   310 ||   606

Table legend: (Time is in decaauts)
 A = Elapsed time spent in this place.
 B = Non-inter-level travel time spent in this place.
 C = Inter-level travel time spent in this place.
 D = Time resting spent in this place.
 E = Time spent auto-exploring this place.
 F = Levels seen in this place.
 G = Mean time per level.
                   A        B        C        D        E       F      G
               +--------+--------+--------+--------+--------+-----+--------+
         Total |   9723 |   9470 |    253 |   2021 |   5110 |  12 |  810.2 |
       Dungeon |   9497 |   9250 |    247 |   1866 |   5110 |  10 |  949.7 |
        Temple |     19 |     13 |      6 |      0 |      0 |   1 |   19.0 |
          Lair |    206 |    206 |      0 |    155 |      0 |   1 |  206.0 |
               +--------+--------+--------+--------+--------+-----+--------+

Top non-repeatable levels by time:
     D:8: 1553 daAuts
     D:7: 1391 daAuts
     D:6: 1328 daAuts
     D:4: 1262 daAuts
     D:5: 1227 daAuts
     D:3: 856 daAuts
     D:2: 779 daAuts
     D:1: 630 daAuts
     D:9: 444 daAuts
  Lair:1: 206 daAuts
    D:10: 22 daAuts
  Temple: 19 daAuts
